 Dungeon Crawl Stone Soup version 0.31.0-32-g396128a36d (webtiles) character file.

Game seed: 12021955365467175999

16 Alphaeus the Ruffian (level 2, -8/16 HPs)
             Began as a Gargoyle Shapeshifter on Mar 18, 2024.
             Mangled by Sigmund
             ... wielding a +0 scythe
              (11 damage)
             ... on level 2 of the Dungeon.
             The game lasted 00:00:44 (1230 turns).

Alphaeus the Ruffian (Gargoyle Shapeshifter)        Turns: 1230, Time: 00:00:44

Health: -8/16      AC:  4    Str: 17    XL:     2   Next: 54%
Magic:  2/2        EV: 11    Int: 10    God:
Gold:   49         SH:  0    Dex:  9    Spells: 1/1 levels left

rFire   . .          .
                       - Unarmed
rCold   . . .        (no shield)
rNeg    + . .        a - +0 animal skin
rPois   ∞            (helmet currently unavailable)
rElec   +            (cloak currently unavailable)
rCorr   .            (gloves currently unavailable)
SInv    .            (boots currently unavailable)
Will    .....        (no amulet)
Stlth   +            (no ring)
HPRegen 0.22/turn    (no ring)
MPRegen 0.08/turn

%: no passive effects
@: beast-form
A: beast (slay +1), sickness immunity, AC +2, negative energy resistance 1,
electricity resistance, torment resistance 1, petrification resistance
a: Begin Untransformation


You were on level 2 of the Dungeon.
You were a hulking beast.
You visited 1 branch of the dungeon, and saw 2 of its levels.

You collected 49 gold pieces.

Inventory:

Armour
 a - a +0 animal skin (worn)
Talismans
 c - a beast talisman
 d - a flux talisman
Scrolls
 e - 3 scrolls of blinking {unknown}
 g - 3 scrolls of identify {unknown}
 h - a scroll of immolation {unknown}
 i - a scroll of teleportation {unknown}
 j - a scroll of noise {unknown}
Potions
 b - a potion of lignification
 f - a potion of might {unknown}
 k - a potion of curing {unknown}


   Skills:
 + Level 1.5 Fighting
 - Level 1.5 Dodging
 * Level 3.3 Unarmed Combat
 * Level 2.6 Shapeshifting


You had one spell level left.
You didn't know any spells.
Your spell library contained the following spells:

 Spells                   Type           Power      Damage    Failure   Level
 Ignite Poison            Fire/Alch      0%         N/A       98%         4
 Freezing Cloud           Conj/Ice/Air   0%         6-21      100%        5
 Cigotuvi's Dreadful Rot  Necr/Alch/Air  Unusable   N/A       N/A         2

Dungeon Overview and Level Annotations

Branches:
Dungeon (2/15)

Altars:

Shops:
D:1 (

Annotations:
D:2 Sigmund


Innate Abilities, Weirdness & Mutations

You are a hulking beast.
Your limbs bulge with bestial killing power. (Slay +1)
You are immune to sickness and miasma.
Your stone body is resilient. (AC +2)
You are immune to poison.
You resist negative energy. (rN+)
You are resistant to electric shocks. (rElec)
You are resistant to unholy torment.
You are immune to petrification.


Message History

No target in view!
You see here a ball python corpse.
You now have 49 gold pieces (gained 11).
Found a mace.
Found a whip.
e - 3 scrolls labelled YDUPUPSEMNE (gained 1) Sigmund the Dreaded comes into view.
He is wielding a +0 scythe.
Sigmund shouts!
Sigmund barely misses you.
You hit Sigmund.
Sigmund is lightly wounded.
You closely miss Sigmund.
Sigmund is lightly wounded.
Sigmund hits you with a +0 scythe!
Ouch! That really hurt!
You are too injured to fight recklessly!
You are too injured to fight recklessly!
You are too injured to fight recklessly!
You are too injured to fight recklessly!
You are too injured to fight recklessly!
You are too injured to fight recklessly!
You are too injured to fight recklessly!
You are too injured to fight recklessly!
You are too injured to fight recklessly!
You are too injured to fight recklessly!
You are too injured to fight recklessly!
You are too injured to fight recklessly!
You are too injured to fight recklessly!
You are too injured to fight recklessly!
You hit Sigmund.
Sigmund is moderately wounded.
Sigmund mumbles some strange words.
Sigmund flickers and vanishes!
Deactivating autopickup; reactivate with Ctrl-A.
You miss something. Your punch misses something. Something hits you.
* * * LOW HITPOINT WARNING * * *
You miss something. You barely miss something. Something hits you!
Ouch! That really hurt!
You die...

.....##.#####....##...####
..............##..###....#
.)...##.#####.# #.# #.##.#
.... #.# ..## ..#.##.# ###
#.# ##... .....#.. #.##...
#....... #..#.# ###.....
#.###...### ##.#..
#.....h...# #.#..
#####.#{#.# #.... #.#.# #
##... ..#.# #... #.##..
.... #. ## #.... #. .....
.. #.#...


There were no monsters in sight!

Vanquished Creatures
  A ribbon worm (D:2)
  2 ball pythons
  An endoplasm (D:2)
  2 giant cockroaches (D:1)
  A hobgoblin (D:1)
  A kobold (D:1)
  A quokka (D:1)
  A frilled lizard (D:1)
  3 rats
13 creatures vanquished.

Notes
Turn   | Place    | Note
-------+----------+-------------------------------------------
     0 | D:1      | Alphaeus the Gargoyle Shapeshifter began the quest for the
                  | Orb.
     0 | D:1      | Reached XP level 1. HP: 12/12 MP: 1/1
   111 | D:1      | Found Veeno's Weapon Emporium.
   357 | D:1      | Found a faded altar of an unknown god.
   404 | D:1      | Reached XP level 2. HP: 12/16 MP: 2/2
  1222 | D:2      | Noticed Sigmund
  1230 | D:2      | Mangled by Sigmund

Illustrated notes

Levels and vault maps discovered:
D:1:      minmay_arrival_three_doors, layout_loops_corners, serial_shops, shop,
          shapermc_ecumenical_altar_notcrosses, hangedman_abyss_or_decor_stabs,
          serial_park_tiny_pond, minmay_tree_intersection,
          chequers_serial_rivers_large_b
D:2:      layout_rooms, uniq_terence, uniq_natasha, uniq_sigmund

Action                     || total
---------------------------++-------
  Melee: Unarmed           ||    45
         Punch             ||     3
 Armour: Animal skin       ||    22
  Dodge: Dodged            ||    11
